 Dungeon Crawl Stone Soup version 0.28.0 (webtiles) character file.

Game seed: 4778502162994850714

91 Kikato the Thaumaturge (level 4, -1/32 HPs)
             Began as a Gnoll Wanderer on Feb 8, 2022.
             Was a Follower of Wu Jian.
             Slain by a hound (4 damage)
             ... on level 4 of the Dungeon.
             The game lasted 00:18:36 (3869 turns).

Kikato the Thaumaturge (Gnoll Wanderer)             Turns: 3869, Time: 00:18:36

Health: -1/32      AC:  6    Str: 13    XL:     4   Next: 57%
Magic:  12/15      EV:  9    Int: 12    God:    Wu Jian [*.....]
Gold:   628        SH:  0    Dex: 11    Spells: 7/21 levels left

rFire   . . .      SeeInvis .   a - +0 quarterstaff
rCold   . . .      Faith    .   (shield currently unavailable)
rNeg    . . .      Spirit   .   l - +0 scale mail
rPois   .          Reflect  .   (no helmet)
rElec   .          Harm     .   (no cloak)
rCorr   .          Rampage  .   (no gloves)
Will    .....                   (no boots)
Stlth   ..........              (no amulet)
HPRegen 0.10/turn               (no ring)
MPRegen 0.14/turn               (no ring)

@: very slightly contaminated
A: fangs 1, strong nose, distributed training
a: Renounce Religion


You were on level 4 of the Dungeon.
You worshipped Wu Jian.
Wu Jian was aware of your devotion.
You visited 1 branch of the dungeon, and saw 4 of its levels.

You collected 628 gold pieces.

Inventory:

Hand Weapons
 a - a +0 quarterstaff (weapon)
 c - a +0 dagger
 k - a +3 mace of holy wrath
 m - a +2 war axe of venom
Missiles
 b - 11 poisoned darts
 d - 146 stones (quivered)
 g - 46 bolts
 t - 4 boomerangs
Armour
 e - a +0 robe
 i - a +0 ring mail
 j - a +0 buckler
 l - a +0 scale mail (worn)
Scrolls
 h - 3 scrolls of immolation
Potions
 f - a potion of berserk rage {unknown}
 p - a potion of heal wounds {unknown}
 q - a potion of might {unknown}
 r - 2 potions of mutation {unknown}


   Skills:
 + Level 1.2 Fighting
 + Level 1.2 Short Blades
 + Level 1.2 Long Blades
 + Level 1.2 Axes
 + Level 1.2 Maces & Flails
 + Level 1.2 Polearms
 + Level 2.8 Staves
 + Level 1.2 Slings
 + Level 1.2 Bows
 + Level 1.2 Crossbows
 + Level 4.6 Throwing
 + Level 1.2 Armour
 + Level 1.2 Dodging
 + Level 1.2 Stealth
 + Level 1.2 Shields
 + Level 1.2 Unarmed Combat
 + Level 9.3 Spellcasting
 + Level 1.0 Conjurations
 + Level 1.0 Hexes
 + Level 1.0 Summonings
 + Level 1.0 Necromancy
 + Level 1.0 Translocations
 + Level 1.0 Transmutations
 + Level 1.0 Fire Magic
 + Level 1.0 Ice Magic
 + Level 1.0 Air Magic
 + Level 1.0 Earth Magic
 + Level 1.0 Poison Magic
 + Level 2.9 Invocations
 + Level 2.8 Evocations


You had 7 spell levels left.
You knew the following spells:

 Your Spells              Type           Power      Damage    Failure   Level
a - Sandblast             Erth           16%        2d6       38%         1
b - Summon Small Mammal   Summ           32%        N/A       38%         1
c - Wereblood             Tmut           8%         N/A       52%         2
d - Summon Guardian Gole  Hex/Summ       8%         N/A       77%         3
e - Call Canine Familiar  Summ           8%         N/A       77%         3
f - Confusing Touch       Hex            8%         N/A       77%         3
g - Magic Dart            Conj           32%        1d4       38%         1

Your spell library contained the following spells:

 Spells                   Type           Power      Damage    Failure   Level
 Call Imp                 Summ           8%         N/A       52%         2
 Mephitic Cloud           Conj/Pois/Air  8%         N/A       77%         3


Dungeon Overview and Level Annotations

Branches:
Dungeon (4/15)
 Temple: D:4-7

Altars:
Wu Jian


Innate Abilities, Weirdness & Mutations

You have very sharp teeth.
Your uncanny sense of smell can sniff out nearby items.
Your experience applies equally to all skills.


Message History

You miscast Magic Dart.
Nothing appears to happen.
The kobold throws a stone.
The stone barely misses you.
You hit the kobold but do no damage. The kobold hits you but does no damage.
You closely miss the kobold. The kobold hits you but does no damage.
The kobold hits you with a +0 dagger.
The kobold hits you with a +0 short sword.
The kobold hits you with a +3 short sword.
You hit the kobold but do no damage. The kobold closely misses you.
The kobold completely misses you.
The kobold hits you with a +3 short sword.
The kobold hits you but does no damage. x2; The kobold misses you.
The kobold hits you with a +0 dagger.
The kobold hits you with a +3 short sword.
You barely miss the kobold. Your bite misses the kobold.
The kobold hits you but does no damage.
The kobold hits you with a +0 short sword.
* * * LOW HITPOINT WARNING * * *
The kobold barely misses you. The kobold hits you but does no damage.
The kobold closely misses you. The kobold hits you but does no damage.
The kobold closely misses you.
As you read the scroll of teleportation, it crumbles to dust.
You feel strangely unstable.
You feel yourself speed up.
The kobold hits you with a +0 short sword.
* * * LOW HITPOINT WARNING * * *
The kobold hits you but does no damage. x2; The kobold barely misses you. x3
The kobold closely misses you. The kobold barely misses you.
The kobold hits you with a +0 club.
* * * LOW HITPOINT WARNING * * *
You spin and attack the kobold.
You closely miss the kobold.
The kobold throws a stone.
The stone hits you but does no damage.
You spin and attack the kobold.
You closely miss the kobold. The kobold hits you but does no damage.
Your surroundings suddenly seem different.
A hound comes into view.
The hound barks!
You hit the hound. You bite the hound.
The hound is moderately wounded.
The hound bites you.
You die...

...## ... ∆
.... ..#
...# ..#
###... #.#
#.....
##.###
.....###
#.... #..h.#
##K#########
#..@.#
#.K........#
###.....#
'KK#.#####.#
......#
'.K#.#
.....###
'..#.#
####...
#..#.###
....
#..#<..#
##...
#.##.#.#
....
.....#.#


You could see a hound.

Vanquished Creatures
  Terence (D:2)
  6 dart slugs
  An orc (D:3)
  5 bats
  3 endoplasms
  A giant cockroach (D:1)
  6 goblins
  7 hobgoblins
  2 jackals (D:2)
  2 quokkas (D:1)
  5 ball pythons
  4 frilled lizards
  2 kobolds
  6 rats
51 creatures vanquished.

Notes
Turn   | Place    | Note
-------+----------+-------------------------------------------
     0 | D:1      | Reached skill level 9 in Spellcasting
     0 | D:1      | Kikato the Gnoll Wanderer began the quest for the Orb.
     0 | D:1      | Kikato set off with the following items: a +0 quarterstaff,
                  | 11 poisoned darts, a +0 dagger, 32 stones, a +0 robe; and
                  | the following spells available to memorise: Sandblast,
                  | Summon Small Mammal, Wereblood, Confusing Touch
     0 | D:1      | Reached XP level 1. HP: 13/13 MP: 10/10
   370 | D:1      | Reached XP level 2. HP: 18/19 MP: 12/12
   884 | D:1      | Reached XP level 3. HP: 18/25 MP: 13/13
  2261 | D:2      | Found a faded altar of an unknown god.
  2412 | D:2      | Prayed at the altar of an unknown god.
  2412 | D:2      | Became a worshipper of the Wu Jian Council
  2412 | D:2      | Reached * piety under Wu Jian
  2493 | D:2      | Noticed Terence
  2503 | D:2      | Killed Terence
  2504 | D:2      | Reached skill level 1 in Fighting
  2504 | D:2      | Reached skill level 1 in Short Blades
  2504 | D:2      | Reached skill level 1 in Long Blades
  2504 | D:2      | Reached skill level 1 in Axes
  2504 | D:2      | Reached skill level 1 in Maces & Flails
  2504 | D:2      | Reached skill level 1 in Polearms
  2504 | D:2      | Reached skill level 1 in Slings
  2504 | D:2      | Reached skill level 1 in Bows
  2504 | D:2      | Reached skill level 1 in Crossbows
  2504 | D:2      | Reached skill level 1 in Armour
  2504 | D:2      | Reached skill level 1 in Dodging
  2504 | D:2      | Reached skill level 1 in Stealth
  2504 | D:2      | Reached skill level 1 in Shields
  2504 | D:2      | Reached skill level 1 in Unarmed Combat
  2504 | D:2      | Reached XP level 4. HP: 12/32 MP: 15/15
  2935 | D:3      | Identified a scroll of acquirement
  2935 | D:3      | Acquired 456 gold pieces
  2938 | D:3      | Learned a level 1 spell: Sandblast
  2940 | D:3      | Learned a level 1 spell: Summon Small Mammal
  2943 | D:3      | Learned a level 2 spell: Wereblood
  2947 | D:3      | Learned a level 3 spell: Summon Guardian Golem
  2957 | D:3      | Learned a level 3 spell: Call Canine Familiar
  2961 | D:3      | Learned a level 3 spell: Confusing Touch
  3234 | D:3      | Learned a level 1 spell: Magic Dart
  3473 | D:3      | Reached skill level 1 in Conjurations
  3473 | D:3      | Reached skill level 1 in Hexes
  3473 | D:3      | Reached skill level 1 in Summonings
  3473 | D:3      | Reached skill level 1 in Necromancy
  3473 | D:3      | Reached skill level 1 in Translocations
  3473 | D:3      | Reached skill level 1 in Transmutations
  3473 | D:3      | Reached skill level 1 in Fire Magic
  3473 | D:3      | Reached skill level 1 in Ice Magic
  3473 | D:3      | Reached skill level 1 in Air Magic
  3473 | D:3      | Reached skill level 1 in Earth Magic
  3473 | D:3      | Reached skill level 1 in Poison Magic
  3869 | D:4      | Slain by a hound

Illustrated notes

Levels and vault maps discovered:
D:1:      dpeg_arrival_lava_altar, layout_loops_ring
D:2:      layout_basic, shapermc_ecumenical_altar_venn, uniq_terence
D:3:      layout_loops_ring
D:4:      cheibrodos_fertilizer, layout_basic, hangedman_decor_push

Skill      XL: |  1  2  3  4 |
---------------+-------------+-----
Spellcasting   | |  9.3
Fighting       | 1 |  1.2
Short Blades   | 1 |  1.2
Long Blades    | 1 |  1.2
Axes           | 1 |  1.2
Maces & Flails | 1 |  1.2
Polearms       | 1 |  1.2
Slings         | 1 |  1.2
Bows           | 1 |  1.2
Crossbows      | 1 |  1.2
Armour         | 1 |  1.2
Dodging        | 1 |  1.2
Stealth        | 1 |  1.2
Shields        | 1 |  1.2
Unarmed Combat | 1 |  1.2
Conjurations   | 1 |  1.0
Hexes          | 1 |  1.0
Summonings     | 1 |  1.0
Necromancy     | 1 |  1.0
Translocations | 1 |  1.0
Transmutations | 1 |  1.0
Fire Magic     | 1 |  1.0
Ice Magic      | 1 |  1.0
Air Magic      | 1 |  1.0
Earth Magic    | 1 |  1.0
Poison Magic   | 1 |  1.0
Staves         | |  2.8
Throwing       | |  4.6
Invocations    | |  2.9
Evocations     | |  2.8

Action                   |  1- 3 |  4- 6 || total
-------------------------+-------+-------++-------
Melee: Quarterstaff      |    90 |    61 ||   151
       Bite              |     9 |     4 ||    13
Throw: Dart              |     2 |       ||     2
       Stone             |     2 |       ||     2
 Cast: Magic Dart        |       |     2 ||     2
Invok: Whirlwind         |       |     4 ||     4
       Lunge             |       |     3 ||     3
  Use: Scroll            |       |     6 ||     6
 Stab: Sleeping          |     1 |       ||     1
Armor: Robe              |     6 |       ||     6
       Ring mail         |    18 |       ||    18
       Scale mail        |       |    42 ||    42
Dodge: Dodged            |    54 |    34 ||    88
